 Dungeon Crawl Stone Soup version 0.19-a0-1697-g0595f0e (webtiles) character file.

368 kae the Firebug (level 6, -1/36 HPs)
             Began as an Octopode Fire Elementalist on Sept 26, 2016.
             Slain by a centaur skeleton (6 damage)
             ... on level 4 of the Dungeon.
             The game lasted 00:06:05 (4722 turns).

kae the Firebug (Octopode Fire Elementalist)        Turns: 4722, Time: 00:06:06

Health: -1/36      AC:  2    Str:  7    XL:     6   Next: 69%
Magic:  11/11      EV: 13    Int: 19    God:
Gold:   212        SH:  0    Dex: 13    Spells: 3 memorised, 6 levels left

rFire  . . .     SeeInvis .     c - -3 short sword (curse)
rCold  . . .     Gourm    .     (no shield)
rNeg   + . .     Faith    .     (helmet restricted)
rPois  .         Spirit   .     (no amulet)
rElec  .         Dismiss  .     e - ring of positive energy
rCorr  .         Reflect  .     (no ring)
MR     .....     Harm     .     (no ring)
Stlth  +++.......               (no ring)
                                (no ring)
                                (no ring)
                                (no ring)
                                (no ring)

@: no status effects
A: almost no armour, stealthy swim, amphibious, 8 rings, constrict 8, camouflage
1, gelatinous body 1
a: no special abilities


You were on level 4 of the Dungeon.
You were hungry.

You visited 1 branch of the dungeon, and saw 4 of its levels.

You collected 212 gold pieces.

Inventory:

Hand Weapons
 c - a cursed -3 short sword (weapon)
 i - a +2 dagger of protection
 m - a +2 spear of freezing
Jewellery
 e - a ring of positive energy (left tentacle)
Scrolls
 g - 2 scrolls of identify
 o - a scroll of enchant weapon {unknown}
 q - a scroll of magic mapping
Potions
 k - a potion of mutation
 l - 2 potions of invisibility {unknown}
 n - a potion of curing {unknown}
 p - a potion of lignification {unknown}
Books
 a - a book of Flames

   Spells                             Type                      Level
   a - Flame Tongue                   Conjuration/Fire             1
   b - Throw Flame                    Conjuration/Fire             2
   c - Conjure Flame                  Conjuration/Fire             3
   d - Inner Flame                    Hexes/Fire                   3
   e - Sticky Flame                   Conjuration/Fire             4
   f - Fireball                       Conjuration/Fire             5
Comestibles
 b - 2 bread rations
 d - 2 beef jerkies
 f - a slice of pizza
 h - 2 meat rations
 j - 2 chunks of flesh


   Skills:
 - Level 2.0 Dodging
 - Level 2.6 Stealth
 + Level 3.6 Spellcasting
 + Level 3.2 Conjurations
 * Level 5.4 Fire Magic


You had 6 spell levels left.
You knew the following spells:

 Your Spells              Type           Power        Failure   Level  Hunger
a - Flame Tongue          Conj/Fire      ###..        2%          1    None
b - Throw Flame           Conj/Fire      ###...       4%          2    ##.....
c - Conjure Flame         Conj/Fire      ###.....     10%         3    ###....


Dungeon Overview and Level Annotations

Branches:
Dungeon (4/15)
 Temple: D:4-7

Altars:
Dithmenos
Gozag
Hepliaklqana
Ru
Trog


Innate Abilities, Weirdness & Mutations

You cannot wear most types of armour.
You are very stealthy in the water.
You are amphibious.
You can wear up to eight rings at the same time.
You can use your tentacles to constrict eight enemies at once.
Your skin changes colour to match your surroundings (Stealth+).
Your rubbery body absorbs attacks. (AC +1, EV +1)


Message History

The centaur skeleton is heavily damaged.
The centaur skeleton hits you.
The centaur skeleton closely misses you.
You hit the centaur skeleton but do no damage.
The centaur skeleton is heavily damaged.
The centaur skeleton hits you!
* * * LOW HITPOINT WARNING * * *
You are too injured to fight recklessly!
You are too injured to fight recklessly!
You are too injured to fight recklessly!
You are too injured to fight recklessly!
You completely miss the centaur skeleton.
You squeeze the centaur skeleton!
The centaur skeleton is almost destroyed.
The centaur skeleton barely misses you. The centaur skeleton hits you.
* * * LOW HITPOINT WARNING * * *
You hit the centaur skeleton.
The centaur skeleton is almost destroyed.
The centaur skeleton hits you.
You die...

#.# .# #.# .# #.###.###
#.......# #%...##.##
######### #....#...###
........#####..#........
.######...............##
.# #######..#@)......
.## #..#.Z....##
..######### #..#.#...##
........... ...#.#####
...##########..... ...#
[#.#.# ...# ##.##. ##.#
. #.#


You could see a centaur skeleton.

Vanquished Creatures
  2 orc priests (D:3)
  4 orc wizards (D:3)
  Jessica (D:3)
  7 adders
  An ooze (D:1)
  2 worms (D:3)
  3 dart slugs
  5 leopard geckos
  12 orcs
  4 giant cockroaches
  9 goblins
  6 hobgoblins
  A jackal (D:1)
  A quokka (D:2)
  A ball python (D:1)
  5 bats
  5 frilled lizards
  13 kobolds
  9 rats
91 creatures vanquished.

Vanquished Creatures (others)
  A plant (D:1)
1 creature vanquished.

Grand Total: 92 creatures vanquished

Notes
Turn   | Place    | Note
-------+----------+-------------------------------------------
     0 | D:1      | kae the Octopode Fire Elementalist began the quest for the Orb.
     0 | D:1      | Reached XP level 1. HP: 11/11 MP: 3/3
   337 | D:1      | Reached XP level 2. HP: 17/17 MP: 3/5
   799 | D:1      | Reached XP level 3. HP: 21/21 MP: 6/6
  1984 | D:2      | Learned a level 2 spell: Throw Flame
  1988 | D:2      | Learned a level 3 spell: Conjure Flame
  2060 | D:2      | Reached XP level 4. HP: 27/27 MP: 1/8
  2314 | D:2      | Reached skill level 4 in Fire Magic
  2491 | D:2      | Found a sacrificial altar of Ru.
  2560 | D:2      | Found a faded altar of an unknown god.
  2944 | D:2      | Found an opulent altar of Gozag.
  3032 | D:3      | Found a shadowy altar of Dithmenos.
  3032 | D:3      | Found a bloodstained altar of Trog.
  3107 | D:3      | Noticed Jessica
  3116 | D:3      | Killed Jessica
  3116 | D:3      | Reached XP level 5. HP: 28/31 MP: 7/9
  3135 | D:3      | Found a hazy altar of Hepliaklqana.
  3765 | D:3      | Reached skill level 5 in Fire Magic
  3765 | D:3      | Reached XP level 6. HP: 23/36 MP: 7/11
  4722 | D:4      | Slain by a centaur skeleton

Vault maps used:
D:1:      kilobyte_arrival_exit_the_forest, lexackson_kobold_supper
D:2:      lemuel_coloured_pillars_altar, lemuel_round_altar, first_bread,
          ecumenical_altar_2
D:3:      overflow_temple_1_default, gammafunk_temple_overflow_elements,
          uniq_jessica

Skill      XL: |  1  2  3  4  5  6 |
---------------+-------------------+-----
Fire Magic     | 4 5 |  5.4
Spellcasting   | 3 |  3.6
Conjurations   | 2 3 |  3.2
Dodging        | |  2.0
Stealth        | |  2.6

Action                   |  1- 3 |  4- 6 || total
-------------------------+-------+-------++-------
Melee: Unarmed           |    37 |       ||    37
       Constrict         |     8 |    33 ||    41
       Tentacles         |     7 |    29 ||    36
       Short sword       |       |   111 ||   111
 Cast: Flame Tongue      |    52 |    47 ||    99
       Throw Flame       |     2 |    11 ||    13
  Use: Scroll            |     1 |     4 ||     5
       Potion            |       |     1 ||     1
 Stab: Sleeping          |     5 |     5 ||    10
  Eat: Chunk             |     4 |     8 ||    12
Armor: Skin              |     4 |     9 ||    13
Dodge: Dodged            |    44 |    87 ||   131
